Map: 瑟拉斯废墟

Players

Lapse

  • Race: Terran Terran
  • League: Platinum

Quail - Winner!

  • Race: Protoss Protoss
  • League: Diamond

VOD

Have the link to the VOD?

Description

Time

  • Played on: Dec. 5, 2015, 4:53 a.m.
  • Length: 11:20
Show
View Real Time Build Order
Export as new Build Order

Lapse Terran 

Build Orders: Reaper Expand 

Get SALT Encoding   

  12  0:01  SCV  
  13  0:13  SCV  
  14  0:18  Supply Depot  
  14  0:25  SCV  
  15  0:40  SCV  
  15  0:41  Barracks  
  16  0:47  Refinery  
  16  0:52  SCV  
  17  1:04  SCV  
  18  1:16  SCV  
  19  1:28  Orbital Command  
  19  1:34  Reaper  
  20  1:47  Command Center  
  21  1:54  SCV  
  21  2:00  Supply Depot  
  21  2:10  Barracks Reactor  
  21  2:13  SCV  
  22  2:25  SCV, Factory  
  23  2:37  SCV  
  24  2:46  Refinery, Marine x2  
  26  2:52  SCV  
  26  2:59  Orbital Command  
  26  3:04  Marine x2  
  28  3:09  Widow Mine  
  28  3:11  Starport  
  30  3:15  SCV  
  30  3:17  Bunker  
  31  3:22  Marine x2  
  31  3:27  SCV x2  
  35  3:39  SCV x2  
  37  3:44  Marine x2  
  37  3:46  Factory Reactor  
  37  3:47  Medivac  
  41  3:51  SCV x2  
  43  4:01  Supply Depot  
  43  4:03  SCV x2  
  43  4:05  Supply Depot  
  43  4:06  Marine  
  46  4:23  SCV x2, Marine  
  49  4:25  Supply Depot, Marine  
  50  4:35  SCV x2, Medivac  
  50  4:36  Factory Reactor, Medivac  
  56  4:40  Marine  
  56  4:42  Engineering Bay x2  
  56  4:43  Marine  
  58  4:47  SCV x2  
  60  4:52  Refinery  
  60  4:56  Refinery  
  60  4:58  Marine  
  60  4:59  SCV x2  
  63  5:04  Supply Depot  
  58  5:18  Widow Mine, Marine x2  
  58  5:19  Medivac x2  
  58  5:21  SCV x2  
  68  5:33  SCV x2  
  68  5:35  Terran Infantry Weapons Level 1  
  70  5:36  Terran Infantry Armor Level 1, Marine x2  
  70  5:42  Supply Depot  
  72  5:45  SCV  
  73  5:51  SCV  
  73  5:54  Missile Turret  
  73  5:56  Marine x2  
  73  5:57  SCV, Missile Turret  
  76  6:03  SCV  
  78  6:09  SCV  
  76  6:16  SCV  
  75  6:19  Marine x2  
  75  6:20  Widow Mine, Medivac  
  75  6:21  SCV  
  82  6:28  SCV, Armory  
  83  6:33  Supply Depot, SCV  
  83  6:35  Widow Mine  
  80  6:42  Marine x2  
  80  6:43  Medivac  
  84  6:56  Command Center  
  84  6:59  Missile Turret  
  84  7:00  Missile Turret  
  84  7:07  Widow Mine x2, Marine x2  
  90  7:13  Medivac  
  90  7:14  Medivac  
  94  7:24  Supply Depot  
  94  7:26  SCV x2  
  96  7:35  Terran Infantry Weapons Level 2, Terran Infantry Armor Level 2  
  96  7:37  Marine x2  
  98  7:49  SCV x2  
  98  7:50  Widow Mine x2  
  104  7:52  Medivac  
  106  8:03  Marine  
  106  8:05  Barracks  
  107  8:07  SCV, Barracks  
  107  8:08  SCV  
  107  8:09  SCV  
  110  8:19  Widow Mine  
  90  8:34  Marine x2  
  82  8:35  Widow Mine, Medivac  
  82  8:38  Orbital Command  
  87  8:52  Marine x2  
  88  8:57  SCV x2  
  88  8:59  Barracks Reactor  
  89  9:09  Marine  
  84  9:18  Widow Mine, Marine  
  84  9:19  Medivac  
  84  9:20  Orbital Command  
  87  9:25  Widow Mine  
  87  9:26  Medivac  
  87  9:27  Barracks Reactor, Marine  
  87  9:32  Barracks  
  87  9:33  Barracks  
  87  9:34  SCV  
  87  9:35  SCV  
  87  9:36  Marine  
  90  9:39  Marine x2  
  92  9:47  Widow Mine  
  92  9:49  Medivac  
  96  9:54  SCV x2  
  96  9:56  Medivac  
  96  9:57  Marine x3  
  96  9:58  Widow Mine, Marine  
  96  9:59  SCV  
  107  10:06  SCV  
  108  10:13  Marine x2  
  110  10:15  Widow Mine, Marine x3  
  110  10:29  Marine x3  
  110  10:30  Medivac x2, Widow Mine  
  110  10:31  Marine  
  117  10:40  Marine x2  
  117  10:41  Marine x2  
  121  10:44  Widow Mine  
  121  10:47  Marine x2  
Show
View Real Time Build Order
Export as new Build Order

Quail Protoss - Winner!

Build Orders: 1 Gate Expand, Oracle Opening 

Get SALT Encoding   

  12  0:01  Probe (Chrono Boost)  
  13  0:11  Probe (Chrono Boost)  
  14  0:19  Pylon  
  14  0:22  Probe (Chrono Boost)  
  15  0:37  Probe (Chrono Boost)  
  15  0:38  Gateway  
  16  0:47  Assimilator  
  16  0:48  Probe (Chrono Boost)  
  17  0:58  Probe (Chrono Boost)  
  18  1:20  Nexus  
  18  1:31  Cybernetics Core  
  18  1:35  Probe (Chrono Boost)  
  19  1:45  Probe (Chrono Boost)  
  19  1:46  Pylon  
  20  1:56  Probe (Chrono Boost)  
  20  1:58  Assimilator  
  21  2:06  Probe (Chrono Boost)  
  21  2:08  Adept  
  24  2:17  Mothership Core (Chrono Boost)  
  25  2:28  Gateway  
  25  2:35  Probe (Chrono Boost)  
  26  2:38  Pylon  
  26  2:46  Probe x2 (Chrono Boost)  
  26  2:51  Stargate  
  28  3:02  Probe (Chrono Boost)  
  28  3:04  Stalker  
  31  3:07  Warp Gate (Chrono Boost)  
  31  3:13  Probe  
  32  3:28  Pylon  
  32  3:31  Gateway  
  32  3:32  Sentry  
  32  3:41  Probe  
  32  3:42  Probe  
  34  3:50  Oracle  
  34  3:52  Probe  
  34  3:54  Probe  
  39  4:00  Adept  
  41  4:02  Probe  
  41  4:07  Probe, Adept  
  45  4:18  Probe  
  45  4:20  Probe, Twilight Council  
  47  4:29  Probe  
  48  4:32  Probe  
  48  4:37  Stalker  
  48  4:38  Stalker  
  53  4:39  Probe  
  54  4:46  Probe  
  54  4:50  Probe, Assimilator  
  56  4:54  Assimilator  
  56  4:58  Probe, Pylon  
  57  5:00  Probe  
  58  5:12  Probe  
  58  5:13  Probe  
  60  5:15  Void Ray (Chrono Boost)  
  64  5:23  Probe  
  64  5:26  Pylon  
  65  5:31  Robotics Facility  
  65  5:34  Gateway x2  
  65  5:38  Stalker  
  67  5:44  Pylon  
  67  5:58  Void Ray (Chrono Boost)  
  67  5:59  Pylon  
  71  6:17  Stalker x3  
  77  6:22  Templar Archives  
  77  6:24  Observer (Chrono Boost)  
  78  6:32  Resonating Glaives (Chrono Boost)  
  78  6:33  Probe  
  78  6:36  Forge  
  79  6:40  Adept x2  
  79  6:41  Adept  
  79  6:43  Warp Prism (Chrono Boost)  
  87  6:48  Adept  
  89  6:58  Probe  
  89  7:00  Probe  
  91  7:11  Nexus  
  91  7:14  Observer, Pylon  
  92  7:21  Pylon  
  92  7:33  Adept x4  
  92  7:35  Psionic Storm  
  92  7:36  Immortal (Chrono Boost)  
  104  7:49  Protoss Ground Weapons Level 1 (Chrono Boost)  
  104  7:53  Forge  
  104  7:55  Gateway  
  104  7:57  Gateway  
  104  8:01  Adept  
  104  8:02  Adept  
  108  8:18  Adept  
  106  8:24  Adept x3  
  107  8:35  Probe x3  
  110  8:43  Photon Cannon  
  110  8:47  Probe x2  
  112  8:55  Photon Cannon  
  107  9:01  Adept x2  
  105  9:03  High Templar x2  
  109  9:22  Probe  
  109  9:23  Probe x2, Pylon  
  108  9:32  Probe, High Templar x3  
  108  9:35  Probe x2  
  117  9:43  Probe  
  118  9:47  Probe, Adept x2  
  118  9:49  Observer  
  118  9:51  Photon Cannon  
  122  9:57  Adept x2  
  126  10:06  Adept x2, Warp Prism  
  132  10:21  Pylon  
  128  10:25  Adept x2  
  127  10:36  Adept x3  
  133  10:45  Adept x2  
  133  10:46  Adept  
  139  10:53  Photon Cannon  
  121  11:15  Adept  
  121  11:17  Adept x3  
Tags
 
Add a new tag
Caveats
  • Supply blocks, unpowered buildings, or Contaminate may cause inaccurate times.
  • Supply counts are checked every 10 seconds.